AoeStats
← Azatapower

Four Lakes

507755196Analyzed
1v1 RM · 12d ago on Sep 19, 2026· 40m 31s· 2 players
Game mode
Random Map
Map size
Tiny (2 player)
Population
200
Speed
Normal
Resources
Standard
Victory
Conquest
Starting age
Dark Age
Ending age
Imperial Age
RankedLock teamsTeams togetherTeam positionsShared explorationLock speedFull tech treeHidden civsTurbo modeCheats
Victory
Defeat
🇧🇷 Romans · Brazil
1322
+15
🇺🇸 Burmese · United States
1300
-15
Mr Tickles5
9:30 Feudal Age
7:46 Loom
10:22 Horse Collar
15:59 Horse Collar
19:04 Castle Age
18:12 Fletching
20:40 Scale Barding Armor
21:33 Bloodlines
23:31 Town Watch
25:26 Wheelbarrow
27:28 Sanctity
27:37 Forging
27:24 Bodkin Arrow
28:13 Gold Mining
28:45 Hand Cart
29:15 Husbandry
30:40 Chain Barding Armor
31:05 Fervor
34:06 Gold Shaft Mining
34:12 Iron Casting
36:22 Imperial Age
36:24 Cavalier
37:41 Plate Barding Armor
38:44 Bracer
41:04 Ballistics
41:45 Chemistry
40:45 Stone Mining
Azatapower
2:52 Loom
5:36 Loom
9:02 Feudal Age
10:14 Man-at-Arms
13:13 Horse Collar
14:12 Double-Bit Axe
20:15 Castle Age
18:31 Scale Barding Armor
18:36 Forging
19:53 Bloodlines
20:28 Fletching
20:38 Padded Archer Armor
21:34 Chain Barding Armor
22:03 Wheelbarrow
23:22 Husbandry
25:10 Scale Mail Armor
26:21 Hand Cart
28:23 Iron Casting
28:01 Town Watch
30:00 Gold Mining
30:00 Stone Mining
29:59 Light Cavalry
32:05 Bow Saw
33:30 Bodkin Arrow
33:47 Herbal Medicine
35:26 Pikeman
36:08 Squires
39:03 Imperial Age
36:44 Heavy Plow
38:04 Chain Mail Armor
39:11 Halberdier
40:19 Conscription
39:58 Capped Ram
Connection lost

Rejoining the realm…

Still unreachable

The connection could not be restored.

Session expired

The server has moved on; the page needs a fresh start.